 Seeded DCSS version 0.29.1-13-g9f3cf754e1 (webtiles) character file.

Game seed: 16245865983455551772 (custom seed)

24 OTABOTABOTAB the Conjurer (level 3, 21/21 HPs)
             Began as an Octopode Conjurer on Jan 24, 2023.
             Quit the game on level 1 of the Dungeon.
             The game lasted 00:01:50 (1388 turns).

OTABOTABOTAB the Conjurer (Octopode Conjurer)       Turns: 1388, Time: 00:01:50

Health: 21/21      AC:  1    Str:  6    XL:     3   Next: 2%
Magic:  6/6        EV: 13    Int: 34    God:
Gold:   1463       SH:  0    Dex: 10    Spells: 3/6 levels left

rFire   . . .      SeeInvis .   c - staff of conjuration
rCold   . . .      Faith    .   (no shield)
rNeg    . . .      Spirit   .   (helmet restricted)
rPois   .          Reflect  .   (no amulet)
rElec   .          Harm     .   I - +6 ring of intelligence
rCorr   .          Rampage  .   f - +6 ring of intelligence
Will    .....                   (no ring)
Stlth   +++.......              (no ring)
HPRegen 0.07/turn               (no ring)
MPRegen 0.10/turn               (no ring)
                                (no ring)
                                (no ring)

@: no status effects
A: almost no armour, amphibious, 8 rings, camouflage 1, gelatinous body 1,
(nimble swimmer 1), tentacles
a: no special abilities


You were on level 1 of the Dungeon.
You visited 1 branch of the dungeon, and saw 1 of its levels.

You collected 1463 gold pieces.

Inventory:

Missiles
 d - 2 poisoned darts
 s - 14 stones
Magical Staves
 c - a staff of conjuration (weapon)
   (You acquired it on level 1 of the Dungeon)
Jewellery
 f - a +6 ring of intelligence (right tentacle)
   (You found it on level 1 of the Dungeon)
 I - a +6 ring of intelligence (left tentacle)
   (You found it on level 1 of the Dungeon)
Scrolls
 e - a scroll of teleportation {unknown}
Potions
 a - a potion of might {unknown}
 b - 2 potions of flight {unknown}
 M - a potion of magic


   Skills:
 + Level 2.3 Dodging
 + Level 3.3 Stealth
 + Level 2.3 Spellcasting
 + Level 4.2 Conjurations


You had 3 spell levels left.
You knew the following spells:

 Your Spells              Type           Power      Damage    Failure   Level
a - Magic Dart            Conj           100%       1d8       1%          1
b - Searing Ray           Conj           98%        2d8       1%          2

Your spell library contained the following spells:

 Spells                   Type           Power      Damage    Failure   Level
 Dazzling Flash           Conj/Hex       54%        N/A       8%          3
 Fulminant Prism          Conj/Hex       13%        3d9       24%         4
 Iskenderun's Mystic Bla  Conj/Tloc      27%        2d7       24%         4


Dungeon Overview and Level Annotations

Branches:
Dungeon (1/15)

Altars:


Innate Abilities, Weirdness & Mutations

You cannot wear most types of armour.
You are amphibious.
You can wear up to eight rings at the same time.
Your skin changes colour to match your surroundings (Stealth+).
Your rubbery body absorbs attacks. (AC +1, EV +1)
((You are camouflaged when in or above water. (Stealth+)))
You have tentacles for arms and can constrict up to eight enemies at once.


Message History

You take 3 damage, and have 14/17 hp.
You closely miss the kobold. Your grab misses the kobold.
Your tentacle-slap misses the kobold.
Your squeeze misses the kobold. The kobold hits you but does no damage.
Aim: a kobold, wielding a +0 short sword (severely wounded, 100% to hit)
You feel a surge of power!
The magic dart hits the kobold.
You kill the kobold!
You now have 1/5 mp.
A hobgoblin comes into view.
A hobgoblin is nearby!
You feel a surge of power!
You miscast Magic Dart.
Nothing appears to happen.
The hobgoblin shouts!
You now have 0/5 mp.
The hobgoblin hits you.
You take 1 damage, and have 13/17 hp.
You barely miss the hobgoblin. You grab the hobgoblin.
You squeeze the hobgoblin. You constrict the hobgoblin.
The hobgoblin barely misses you. The hobgoblin hits you.
You take 5 damage, and have 8/17 hp.
MASSIVE DAMAGE!!
You are too injured to fight recklessly!
You are too injured to fight recklessly!
You are too injured to fight recklessly!
You hit the hobgoblin.
You kill the hobgoblin!
You see here a hobgoblin corpse.
Your magical contamination has completely faded away.
Found a stone staircase leading down.
Health restored: 17; MP restored: 5 No target in view!
There is a stone staircase leading down here.
A bat comes into view.
You feel a surge of power!
The magic dart hits the bat.
The bat barely misses you. The bat misses you.
You now have 4/5 mp.
You hit the bat.
You kill the bat!
No target in view!
You see here a +0 spear.
e - a scroll labelled XODATU UXUOJ No target in view!
MP restored: 5 No target in view!
No target in view!
Found a stone staircase leading down.
No target in view!
No target in view!
s - 14 stones (gained 4)
You open the door.
There is an open door here.
You open the door.
A hobgoblin comes into view.
There is an open door here.
You feel a surge of power!
The magic dart hits the hobgoblin.
The hobgoblin shouts!
You feel a surge of power!
The magic dart hits the hobgoblin.
You kill the hobgoblin!
You now have 3/5 mp.
No target in view!
There is an open door here.
A goblin comes into view. It is wielding a +0 dagger.
You feel a surge of power!
The magic dart hits the goblin.
The goblin shouts!
No target in view!
No target in view!
A goblin is nearby!
You feel a surge of power!
The magic dart hits the goblin!
You kill the goblin!
You now have 3/5 mp.
No target in view!
No target in view!
You see here a +0 dagger.
A hobgoblin comes into view.
MP restored: 5 You feel a surge of power!
The magic dart hits the hobgoblin.
The hobgoblin shouts!
You now have 4/5 mp.
You feel a surge of power!
The magic dart hits the hobgoblin.
You now have 3/5 mp.
You feel a surge of power!
The magic dart hits the hobgoblin but does no damage.
A hobgoblin is nearby!
You feel a surge of power!
The magic dart hits the hobgoblin.
You now have 1/5 mp.
You feel a surge of power!
The magic dart hits the hobgoblin.
You kill the hobgoblin!
You have reached level 3!
Your experience leads to an increase in your attributes!
Your base attributes are Str 6, Int 20, Dex 10.
Increase (s)trength, (i)ntelligence, or (d)exterity?
You feel clever. x2
Health restored: 21 You now have 0/6 mp.
You see here a hobgoblin corpse.
f - a +6 ring of intelligence MP restored: 6 You feel clever.
f - a +6 ring of intelligence (right tentacle)

#......)###.##.....#
#...........###...##
####.######## ##'###
#.# ##...# #†#
##.###. ##.## ##.##
## #...##### #.## #
#..)....# #.#
#@..###.# #.## #
##### #.####.## ##
#.......###.
######.#...# #......
#######


There were no monsters in sight!

Vanquished Creatures
  2 ball pythons (D:1)
  A bat (D:1)
  4 endoplasms (D:1)
  2 goblins (D:1)
  3 hobgoblins (D:1)
  2 kobolds (D:1)
  3 quokkas (D:1)
  A frilled lizard (D:1)
  A rat (D:1)
19 creatures vanquished.

Notes
Turn   | Place    | Note
-------+----------+-------------------------------------------
     0 | D:1      | OTABOTABOTAB the Octopode Conjurer began the quest for the
                  | Orb.
     0 | D:1      | Reached XP level 1. HP: 11/11 MP: 3/3
    97 | D:1      | Identified 3 scrolls of acquirement
    97 | D:1      | Acquired a staff of conjuration
    99 | D:1      | Acquired 1132 gold pieces
   101 | D:1      | Acquired 291 gold pieces
   203 | D:1      | Found a faded altar of an unknown god.
   223 | D:1      | Reached skill level 3 in Stealth
   223 | D:1      | Reached XP level 2. HP: 17/17 MP: 3/5
   226 | D:1      | Learned a level 2 spell: Searing Ray
  1323 | D:1      | Reached XP level 3. HP: 21/21 MP: 0/6
  1388 | D:1      | Quit the game

Illustrated notes

Levels and vault maps discovered:
D:1:      minmay_arrival_hallway, layout_loops_corners, basic_ecumenical_altar,
          minmay_unequal

Skill      XL: |  1 |
---------------+----+-----
Stealth        | 3 |  3.3
Dodging        | |  2.3
Spellcasting   | |  2.3
Conjurations   | |  4.2

Action                   || total
-------------------------++-------
Melee: Staff             ||    10
       Tentacles         ||     2
       Constrict         ||     1
 Cast: Magic Dart        ||    34
  Use: Scroll            ||     3
Armor: Skin              ||     1
Dodge: Dodged            ||     5

Table legend: (Time is in decaauts)
 A = Elapsed time spent in this place.
 B = Non-inter-level travel time spent in this place.
 C = Inter-level travel time spent in this place.
 D = Time resting spent in this place.
 E = Time spent auto-exploring this place.
 F = Levels seen in this place.
 G = Mean time per level.
                   A        B        C        D        E       F      G
               +--------+--------+--------+--------+--------+-----+--------+
         Total |   1388 |   1388 |      0 |      0 |   1289 |   1 | 1388.0 |
       Dungeon |   1388 |   1388 |      0 |      0 |   1289 |   1 | 1388.0 |
               +--------+--------+--------+--------+--------+-----+--------+

Top non-repeatable levels by time:
     D:1: 1388 daAuts

Table legend:
 A = Kills in this place as a percentage of kills in entire the game.
 B = Kills by you in this place as a percentage of kills by you in the entire game.
 C = Kills by friends in this place as a percentage of kills by friends in the entire game.
 D = Other kills in this place as a percentage of other kills in the entire game.
 E = Experience gained in this place as a percentage of experience gained in the entire game.
 F = Experience gained in this place divided by the number of levels of this place that you have seen.
                   A       B       C       D       E      F
               +-------+-------+-------+-------+-------+----------------------
         Total | 100.0 | 100.0 |   N/A |   N/A | 100.0 |  35.0
       Dungeon | 100.0 | 100.0 |   N/A |   N/A | 100.0 |  35.0
               +-------+-------+-------+-------+-------+----------------------
